 Dungeon Crawl Stone Soup version 0.17-a0-1582-ge6b0260 (webtiles) character file.

7450 Chiseanne the Fighter (level 10, 0/82 HPs)
             Began as a Demonspawn Wanderer on July 27, 2015.
             Was an Initiate of Gozag.
             Slain by an unseen horror (4 damage)
             ... on level 9 of the Dungeon.
             The game lasted 00:28:57 (10681 turns).

Chiseanne the Fighter (Demonspawn Wanderer)        Turns: 10681, Time: 00:28:57

Health: 0/82       AC: 14    Str: 17    XL:     10   Next: 93%
Magic:  20/20      EV: 14    Int: 13    God:    Gozag
Gold:   1109       SH:  0    Dex: 14    Spells: 2 memorised, 20 levels left

rFire  . . .     SeeInvis .     a - +9 mace of Kuamon {crush, *Drain rPois Str+3 Stlth+}
rCold  . . .     Clarity  .     h - +0 ring mail
rNeg   + . .     SustAt   +     (no shield)
rPois  +         Gourm    .     j - +0 helmet
rElec  .         Spirit   .     f - +2 cloak
rCorr  .         Warding  +     (no gloves)
rMut   .         Stasis   .     (no boots)
MR     .....                    k - amulet of warding
Stlth  ++........               (no ring)
                                L - ring of sustain attributes

@: not resistant to hostile enchantments, unstealthy
A: claws 2, rough black scales 1, demonic guardian 2
a: Potion Petition, Call Merchant, Bribe Branch, Renounce Religion


You were on level 9 of the Dungeon.
You worshipped Gozag.
Gozag was noncommittal.
You were not hungry.

You visited 2 branches of the dungeon, and saw 11 of its levels.

You collected 1231 gold pieces.
You paid 122 gold pieces to Gozag.

Inventory:

Hand weapons
 a - the +9 mace of Kuamon (weapon) {crush, *Drain rPois Str+3 Stlth+}
   (You found it on level 6 of the Dungeon)

   It inflicts extra damage upon your enemies.
   It affects your strength (+3).
   It protects you from poison.
   It causes draining when unequipped.
   It makes you more stealthy.
 w - a +0 blowgun
Missiles
 d - 204 arrows
 i - 14 silver sling bullets
 m - 14 bolts of flame
 n - 8 silver bolts
 q - 38 bolts
 x - 82 poisoned needles
 I - 20 arrows of frost
 K - 13 javelins (quivered)
 N - 6 tomahawks of returning
 O - 7 poisoned javelins
Armour
 f - a +2 cloak (worn)
 h - a +0 ring mail (worn)
 j - a +0 helmet (worn)
 R - a +2 ring mail of cold resistance
Jewellery
 k - an amulet of warding (around neck)
 B - an uncursed ring of fire
 L - a ring of sustain attributes (left claw)
Magical devices
 t - a wand of invisibility (0)
 y - a wand of disintegration (0)
 D - a wand of heal wounds (0)
Scrolls
 g - 2 scrolls of immolation
 p - a scroll of identify
 r - a scroll of fog
 s - 3 scrolls of amnesia
 u - 2 scrolls of remove curse
 A - 4 scrolls of enchant armour
 J - 2 scrolls of teleportation
Potions
 l - 2 potions of resistance
 o - 6 potions of curing
 H - a potion of lignification
Books
 b - the Grimoire of Moulding

   Spells                             Type                      Level
   a - Stoneskin                      Transmutation/Earth          2
   b - Sticks to Snakes               Transmutation                2
 c - the Grimoire of Feathery Battle Magic

   Spells                             Type                      Level
   a - Shock                          Conjuration/Air              1
   b - Mephitic Cloud                 Conjuration/Poison/Air       3
 v - a book of Debilitation

   Spells                             Type                      Level
   a - Corona                         Hexes                        1
   b - Slow                           Hexes                        2
   c - Gell's Gravitas                Hexes/Translocation          3
   d - Inner Flame                    Hexes/Fire                   3
   e - Cause Fear                     Hexes                        4
   f - Leda's Liquefaction            Hexes/Earth                  4
 C - a book of Enchantments

   Spells                             Type                      Level
   a - Cause Fear                     Hexes                        4
   b - Silence                        Hexes/Air                    5
   c - Deflect Missiles               Charms/Air                   6
   d - Haste                          Charms                       6
   e - Discord                        Hexes                        8
 E - a book of the Sky

   Spells                             Type                      Level
   a - Summon Lightning Spire         Summoning/Air                4
   b - Airstrike                      Air                          4
   c - Silence                        Hexes/Air                    5
   d - Deflect Missiles               Charms/Air                   6
   e - Conjure Ball Lightning         Conjuration/Air              6
   f - Tornado                        Air                          9
 F - a book of Spatial Translocations

   Spells                             Type                      Level
   a - Apportation                    Translocation                1
   b - Blink                          Translocation                2
   c - Shroud of Golubria             Charms/Translocation         2
   d - Portal Projectile              Translocation                3
   e - Teleport Other                 Translocation                3
   f - Passage of Golubria            Translocation                4
 G - a book of Maledictions

   Spells                             Type                      Level
   a - Corona                         Hexes                        1
   b - Ensorcelled Hibernation        Hexes/Ice                    2
   c - Confuse                        Hexes                        3
   d - Tukima's Dance                 Hexes                        3
   e - Dazzling Spray                 Conjuration/Hexes            3
 P - a book of Spatial Translocations

   Spells                             Type                      Level
   a - Apportation                    Translocation                1
   b - Blink                          Translocation                2
   c - Shroud of Golubria             Charms/Translocation         2
   d - Portal Projectile              Translocation                3
   e - Teleport Other                 Translocation                3
   f - Passage of Golubria            Translocation                4
Comestibles
 e - 8 bread rations
 z - 6 meat rations
 Q - 8 slices of pizza


   Skills:
 * Level 8.9 Fighting
   Level 1.7 Long Blades
 + Level 3.3 Maces & Flails
 - Level 5.8 Armour
 * Level 6.7 Dodging
 * Level 6.6 Spellcasting
 - Level 5.0 Conjurations
 + Level 3.3 Air Magic
   Level 2.6 Earth Magic
 - Level 2.0 Evocations


You had 20 spell levels left.
You knew the following spells:

 Your Spells              Type           Power        Failure   Level  Hunger
a - Apportation           Tloc           #.........   30%         1    None
b - Shock                 Conj/Air       ###.         6%          1    None


Dungeon Overview and Level Annotations

Branches:
Dungeon (10/15)            Temple (1/1) D:7
   Lair: D:8-11         Orc: D:9-12

Altars:
Ashenzari
Cheibriados
Dithmenos
Elyvilon
Fedhas
Gozag
Kikubaaqudgha
Makhleb
Nemelex Xobeh
Okawaru
Qazlal
Ru
Sif Muna
Trog
Vehumet
Xom
Yredelemnul
Zin
The Shining One

Annotations:
D:10 Grum, Snorg


Innate Abilities, Weirdness & Mutations

You have very sharp fingernails.
You are partially covered in rough black scales (AC +4, Dex -1).
A demonic guardian rushes to your aid.


Message History

Something completely misses you. Something barely misses you.
Something hits you.
* * * LOW HITPOINT WARNING * * *
You see here a ring mail.
Something hits you.
* * * LOW HITPOINT WARNING * * *
Something hits you.
* * * LOW HITPOINT WARNING * * *
There is an escape hatch in the ceiling here.
Something hits you but does no damage. Something hits you.
* * * LOW HITPOINT WARNING * * *
Something hits you but does no damage. A mysterious force pulls you upwards.
The hatch slams shut behind you.
Your summoned ally is left behind.
Something hits you.
* * * LOW HITPOINT WARNING * * *
Something hits you but does no damage. Something hits you.
You die...
Your body crumbles into a pile of gold.

##.######.##.#####..##
##....#.........##....#
##.#..............#...#.
###....................#..
##.##......#......#....###.
#.......................##.
##....#.#........##........
###.###...................
##.#.#....@..#.............
#.......>..................
#.........................#
##.#.......................
####...##...#.............
#...##..................
##..#............./.....
#........#............. #
##........#.............


There were no monsters in sight!

Vanquished Creatures
  Erolcha (D:10)
  Pikel (D:4)
  Grinder (D:3)
  A two-headed ogre (D:9)
  A spriggan (D:8)
  A steam dragon (D:7)
  2 sky beasts
  2 water moccasins
  2 ice beasts
  2 orc warriors
  4 centaurs
  5 ogres
  A phantom (D:8)
  A necrophage (D:8)
  Blork the orc (D:6)
  4 giant frogs
  4 killer bees
  2 scorpions
  3 wights (D:7)
  4 crimson imps
  8 orc priests
  7 orc wizards
  2 giant frog zombies
  A centaur skeleton (D:10)
  Ijyb (D:3)
  3 giant frog skeletons
  4 hounds
  6 jellies
  2 iguanas
  14 worker ants
  A worker ant zombie (D:7)
  15 adders
  5 oozes
  An adder zombie (D:8)
  An adder skeleton (D:6)
  4 worms
  3 giant geckos
  23 orcs
  Natasha (D:4)
  19 bats
  2 bat skeletons
  A bat zombie (D:7)
  12 giant cockroaches
  11 goblins
  11 hobgoblins
  5 jackals
  4 quokkas
  4 giant newts (D:4)
  15 kobolds
  A quokka zombie (D:7)
  11 rats
  A spectral orc (D:5)
242 creatures vanquished.

Vanquished Creatures (collateral kills)
  Maud (D:10)
  Urug (D:10)
  A hill giant (D:10)
  A cyclops (D:8)
  Prince Ribbit (D:5)
  A slave (D:4)
  An ogre (D:10)
  A water moccasin skeleton (D:4)
  A scorpion (D:4)
  7 killer bees
  An iguana (D:5)
  Natasha (twice) (D:4)
  A killer bee zombie (D:5)
  An adder (D:3)
  3 orcs
24 creatures vanquished.

Vanquished Creatures (others)
  A giant gecko (D:4)
  2 orcs (D:4)
  4 plants (D:10)
7 creatures vanquished.

Grand Total: 273 creatures vanquished

Notes
Turn   | Place    | Note
--------------------------------------------------------------
     0 | D:1      | Chiseanne the Demonspawn Wanderer began the quest for the Orb.
     0 | D:1      | Chiseanne set off with: a +2 falchion, the Grimoire of Moulding, the Grimoire of Feathery Battle Magic, a +0 robe, a bread ration
     0 | D:1      | Reached XP level 1. HP: 15/15 MP: 2/2
     0 | D:1      | Identified the Grimoire of Moulding
     0 | D:1      | Identified the Grimoire of Feathery Battle Magic
     2 | D:1      | Learned a level 1 spell: Shock
    97 | D:1      | Gained mutation: A weak demonic guardian rushes to your aid. [demonic ancestry]
    97 | D:1      | Reached XP level 2. HP: 16/21 MP: 3/3
   707 | D:1      | Reached XP level 3. HP: 27/27 MP: 5/5
   860 | D:2      | Found a stormy altar of Qazlal.
   920 | D:2      | Reached skill level 1 in Dodging
  1215 | D:2      | Reached skill level 1 in Armour
  1240 | D:2      | Reached skill level 1 in Conjurations
  1317 | D:2      | Reached XP level 4. HP: 9/34 MP: 6/6
  1908 | D:2      | You fall through a shaft!
  1995 | D:3      | Noticed Ijyb
  2005 | D:3      | Killed Ijyb
  2173 | D:3      | Found a shadowy altar of Dithmenos.
  2234 | D:3      | Gained mutation: You are partially covered in rough black scales (AC +4, Dex -1). [demonic ancestry]
  2234 | D:3      | Reached XP level 5. HP: 36/40 MP: 7/7
  2259 | D:3      | Reached skill level 3 in Fighting
  2386 | D:3      | Noticed Grinder
  2435 | D:3      | Killed Grinder
  2435 | D:3      | Reached XP level 6. HP: 34/48 MP: 7/9
  2675 | D:3      | Found a burning altar of Makhleb.
  3059 | D:4      | Noticed Natasha
  3076 | D:4      | Killed Natasha
  3076 | D:4      | Reached skill level 4 in Fighting
  3491 | D:4      | Gained mutation: You have sharp fingernails. [demonic ancestry]
  3491 | D:4      | Reached XP level 7. HP: 50/54 MP: 10/10
  3526 | D:4      | Noticed Natasha
  3542 | D:4      | Killed Natasha
  3861 | D:4      | Noticed Pikel
  3918 | D:4      | Killed Pikel
  3918 | D:4      | Reached skill level 5 in Fighting
  3990 | D:4      | Noticed Natasha
  3998 | D:4      | Killed Natasha
  4021 | D:4      | Gained mutation: A demonic guardian rushes to your aid. [demonic ancestry]
  4021 | D:4      | Reached XP level 8. HP: 58/62 MP: 12/12
  4528 | D:5      | Entered Level 5 of the Dungeon
  4862 | D:5      | Found a basalt altar of Yredelemnul.
  4995 | D:5      | Noticed Prince Ribbit
  5026 | D:5      | Killed Prince Ribbit
  5026 | D:5      | Reached skill level 6 in Fighting
  5339 | D:5      | Reached skill level 5 in Armour
  5914 | D:6      | Found a sacrificial altar of Ru.
  6191 | D:6      | Reached XP level 9. HP: 67/71 MP: 2/14
  6283 | D:6      | Found an iron altar of Okawaru.
  6324 | D:6      | Got a faintly glowing mace
  6336 | D:6      | Identified the +9 mace of Kuamon {crush, *Drain rPois Str+3 Stlth+} (You found it on level 6 of the Dungeon)
  6554 | D:6      | Found a glowing silver altar of Zin.
  6596 | D:6      | Noticed Blork the orc
  6607 | D:6      | Killed Blork the orc
  6992 | D:7      | Found a staircase to the Ecumenical Temple.
  7031 | Temple   | Entered the Ecumenical Temple
  7127 | Temple   | Became a worshipper of Gozag Ym Sagoz the Greedy
  7299 | D:7      | Reached skill level 7 in Fighting
  7299 | D:7      | Reached skill level 1 in Maces & Flails
  7314 | D:7      | Reached skill level 5 in Conjurations
  7369 | D:7      | Learned a level 1 spell: Apportation
  7452 | D:7      | Found a radiant altar of Vehumet.
  8055 | D:8      | Reached skill level 5 in Spellcasting
  8212 | D:8      | Found a stormy altar of Qazlal.
  8224 | D:8      | Reached skill level 5 in Dodging
  8271 | D:8      | Noticed a cyclops
  8284 | D:8      | Killed a cyclops
  8284 | D:8      | Gained mutation: You have very sharp fingernails. [demonic ancestry]
  8284 | D:8      | Reached XP level 10. HP: 58/80 MP: 17/17
  9306 | D:9      | Reached skill level 8 in Fighting
 10051 | D:10     | Entered Level 10 of the Dungeon
 10142 | D:10     | Noticed Maud
 10150 | D:10     | Killed Maud
 10277 | D:10     | Noticed Erolcha
 10289 | D:10     | Killed Erolcha
 10378 | D:10     | Noticed Snorg
 10611 | D:10     | Noticed a hill giant
 10617 | D:10     | Killed a hill giant
 10619 | D:10     | Noticed Urug
 10624 | D:10     | Killed Urug
 10666 | D:10     | Noticed Grum
 10677 | D:10     | HP: 4/82 [something (4)]
 10681 | D:9      | Slain by an unseen horror

Vault maps used:
D:1:      dpeg_arrival_court
D:2:      nicolae_qazlal_general_emergency, grunt_ministairs_15,
          hangedman_abyss_or_decor_stabs
D:3:      makhleb_blood_cavern_becter, nicolae_overflow_crystal_walls,
          nicolae_overflow_hidden_temple, first_bread, uniq_grinder, uniq_iyjb
D:4:      uniq_pikel, uniq_natasha
D:5:      yredelemnul_forgotten_temple_becter, uniq_prince_ribbit1
D:6:      okawaru_ov_weapons_minmay, basic_altar, grunt_ministairs_1,
          corexii_corridor_pit, hangedman_ru_absence, uniq_blork_the_orc
D:7:      minmay_temple_entry_statues_pillars, basic_altar
D:8:      basic_altar, grunt_pizzeria
D:10:     david_lair_shrubbed, uniq_maud, uniq_snorg, uniq_urug, uniq_erolcha,
          uniq_grum
Temple:   jpeg_temple_clearing_12

Action                   |  1- 3 |  4- 6 |  7- 9 | 10-12 || total
-------------------------+-------+-------+-------+-------++-------
Melee: Falchion          |    77 |    10 |   103 |       ||   190
       Whip              |    56 |   179 |   231 |       ||   466
       Mace              |       |       |   123 |   176 ||   299
Throw: Javelin           |       |       |       |     2 ||     2
 Cast: Shock             |       |       |    26 |       ||    26
Evoke: Wand              |       |       |     6 |     3 ||     9
  Use: Scroll            |     3 |     2 |     9 |     5 ||    19
       Potion            |     1 |     1 |       |     1 ||     3
 Stab: Sleeping          |     1 |       |     3 |     1 ||     5
       Distracted        |       |     1 |       |     1 ||     2
  Eat: Chunk             |     1 |     8 |    12 |       ||    21
       Fruit             |       |       |     7 |       ||     7
       Royal jelly       |       |       |     1 |       ||     1
       Beef jerky        |       |       |       |     4 ||     4
